 Dungeon Crawl Stone Soup version 0.18-a0-1539-g1c7284a (webtiles) character file.

353 Ijustatesigmund the Insei (level 6, -1/43 HPs)
             Began as an Octopode Transmuter on Mar 9, 2016.
             Slain by a giant frog (6 damage)
             ... on level 7 of the Dungeon.
             The game lasted 00:07:38 (1759 turns).

Ijustatesigmund the Insei (Octopode Transmuter)     Turns: 1759, Time: 00:07:39

Health: -1/43      AC:  1    Str:  9    XL:     6   Next: 62%
Magic:  9/9        EV: 12    Int: 18    God:
Gold:   121        SH:  0    Dex: 12    Spells: 3 memorised, 3 levels left

rFire  + . .     SeeInvis .       - Unarmed
rCold  + . .     Gourm    .     (no shield)
rNeg   . . .     Faith    .     (helmet restricted)
rPois  +         Spirit   .     (no amulet)
rElec  +         Dismiss  .     i - ring of wizardry
rCorr  +         Reflect  .     (no ring)
SustAt .         Harm     .     (no ring)
MR     .....                    (no ring)
Stlth  ++........               (no ring)
                                (no ring)
                                (no ring)
                                (no ring)

@: appendage (expiring), resistant, not resistant to hostile enchantments,
unstealthy
A: almost no armour, amphibious, 8 rings, constrict 8, tentacle spike 3,
camouflage 1, gelatinous body 1
a: End Transformation


You were on level 7 of the Dungeon.
You were not hungry.
One of your tentacles had a temporary spike.
You visited 1 branch of the dungeon, and saw 5 of its levels.

You collected 121 gold pieces.

Inventory:

Missiles
 a - 5 arrows
Jewellery
 i - a ring of wizardry (left tentacle)
Potions
 e - a potion of lignification
Books
 b - a book of Changes

   Spells                             Type                      Level
   a - Beastly Appendage              Transmutation                1
   b - Sticks to Snakes               Transmutation                2
   c - Spider Form                    Transmutation/Poison         3
   d - Ice Form                       Ice/Transmutation            4
   e - Blade Hands                    Transmutation                5
Comestibles
 c - a bread ration
 d - a meat ration
 f - 7 fruits


   Skills:
 + Level 4.0 Fighting
 - Level 2.0 Dodging
 + Level 4.9 Unarmed Combat
 - Level 2.0 Spellcasting
 - Level 2.0 Transmutations
 + Level 3.6 Poison Magic


You had 3 spell levels left.
You knew the following spells:

 Your Spells              Type           Power        Failure   Level  Hunger
a - Beastly Appendage     Trmt           #.....       4%          1    #......
b - Sticks to Snakes      Trmt           #.......     4%          2    ###....
c - Spider Form           Trmt/Pois      ##........   9%          3    ###....


Dungeon Overview and Level Annotations

Branches:
Dungeon (4/15)
 Temple: D:4-7

Altars:
Nemelex Xobeh

Annotations:
D:3 Grinder


Innate Abilities, Weirdness & Mutations

You cannot wear most types of armour.
You are amphibious.
You can wear up to eight rings at the same time.
You can use your tentacles to constrict eight enemies at once.
Your skin changes colour to match your surroundings (Stealth).
Your rubbery body absorbs attacks (AC +1).
One of your tentacles bears a large vicious spike.


Message History

Drink which item? (? for menu, Esc to quit)
It was a potion of heal wounds.
You feel much better.
Your transformation is almost over.
You constrict the howler monkey. The howler monkey hits you.
The howler monkey bites you. The giant frog hits you. x2
The howler monkey hits you. The howler monkey barely misses you.
You tentacle-slap the howler monkey.
You kill the howler monkey!
Your Fighting skill increases to level 4!
The giant frog hits you but does no damage.
The giant frog hits you!
* * * LOW HITPOINT WARNING * * *
The giant frog hits you.
* * * LOW HITPOINT WARNING * * *
An orc comes into view. It is wielding a dagger.
Drink which item? (? for menu, Esc to quit)
It was a potion of resistance.
You feel protected. The giant frog hits you.
You die...

#.#............♣
#.....o..#...♣..
###......##....♣
##..>....##♣♣♣
#.....###
##...## #...#
#)..# #.@F#
#F†.......
#....##.#.
.......
.........
............
####.#....... .#
#.#####


You could see 2 giant frogs and an orc (wandering).

Vanquished Creatures
  A water moccasin (D:7)
  3 howler monkeys (D:7)
  A giant frog skeleton (D:4)
  A worker ant (D:7)
  Robin (D:3)
  An adder (D:4)
  A worm (D:2)
  2 dart slugs (D:1)
  A ball python (D:7)
  A giant cockroach (D:1)
  6 goblins
  3 hobgoblins
  2 jackals (D:1)
  8 kobolds
  2 quokkas
  6 bats
  4 rats
44 creatures vanquished.

Vanquished Creatures (collateral kills)
  A jelly (D:7)
  An orc (D:7)
  6 goblins (D:3)
  2 hobgoblins (D:3)
10 creatures vanquished.

Grand Total: 54 creatures vanquished

Notes
Turn   | Place    | Note
--------------------------------------------------------------
     0 | D:1      | Ijustatesigmund the Octopode Transmuter began the quest for the Orb.
     0 | D:1      | Reached XP level 1. HP: 13/13 MP: 3/3
   205 | D:1      | Reached XP level 2. HP: 16/18 MP: 5/5
   209 | D:1      | Learned a level 2 spell: Sticks to Snakes
   597 | D:1      | Reached XP level 3. HP: 24/24 MP: 6/6
   602 | D:1      | Learned a level 3 spell: Spider Form
   910 | D:3      | Found a sparkling altar of Nemelex Xobeh.
   921 | D:3      | Noticed Robin
   967 | D:3      | Killed Robin
   967 | D:3      | Reached skill level 1 in Poison Magic
  1294 | D:4      | Reached XP level 4. HP: 25/30 MP: 5/7
  1369 | D:3      | Noticed Grinder
  1430 | D:4      | You fall through a shaft for 3 floors!
  1473 | D:7      | Noticed a water moccasin
  1484 | D:7      | Killed a water moccasin
  1484 | D:7      | Reached XP level 5. HP: 13/36 MP: 6/8
  1668 | D:7      | Reached XP level 6. HP: 26/43 MP: 1/9
  1759 | D:7      | Slain by a giant frog

Vault maps used:
D:1:      scummos_arrival_forest, minmay_misc_feat_room, minmay_misc_feat_tiny
D:2:      lemuel_upstairs_altar, uniq_jessica, uniq_iyjb
D:3:      hangedman_abyss_or_decor_stabs, nemelex_diamond_rough_becter,
          uniq_natasha, uniq_robin, uniq_grinder
D:4:      first_bread, minmay_misc_feat_pillars
D:7:      mrwooster_statue_mirror, uniq_menkaure, uniq_crazy_yiuf_cottage

Skill      XL: |  1  2  3  4  5  6 |
---------------+-------------------+-----
Fighting       | 2 3 4 |  4.0
Poison Magic   | 1 2 3 |  3.6
Unarmed Combat | 4 |  4.9
Dodging        | |  2.0
Spellcasting   | |  2.0
Transmutations | |  2.0

Action                   |  1- 3 |  4- 6 || total
-------------------------+-------+-------++-------
Melee: Unarmed           |    77 |    38 ||   115
 Cast: Beastly Appendage |     5 |     5 ||    10
       Sticks to Snakes  |     4 |     3 ||     7
  Use: Scroll            |     6 |     1 ||     7
       Potion            |       |     6 ||     6
 Stab: Sleeping          |     4 |     3 ||     7
  Eat: Chunk             |     1 |     1 ||     2
       Beef jerky        |       |     1 ||     1
